 Dungeon Crawl Stone Soup version 0.29-a0-298-g3c90f9a769 (webtiles) character file.

Game seed: 16612086409914786329

66 jmlagarto the Skirmisher (level 3, -5/33 HPs)
             Began as a Minotaur Abyssal Knight on Mar 23, 2022.
             Was a Believer of Lugonu.
             Slain by an iguana (11 damage)
             ... on level 2 of the Dungeon.
             The game lasted 00:01:25 (1566 turns).

jmlagarto the Skirmisher (Minotaur Abyssal Knight)  Turns: 1566, Time: 00:01:25

Health: -5/33      AC:  3    Str: 19    XL:     3   Next: 96%
Magic:  3/3        EV: 11    Int:  7    God:    Lugonu [**....]
Gold:   62         SH:  0    Dex: 10    Spells: 2/2 levels left

rFire   . . .      SeeInvis .   a - +1 hand axe
rCold   . . .      Faith    .   (no shield)
rNeg    . . .      Spirit   .   b - +0 leather armour
rPois   .          Reflect  .   (helmet restricted)
rElec   .          Harm     .   (no cloak)
rCorr   .          Rampage  .   (no gloves)
Will    .....                   (no boots)
Stlth   +.........              (no amulet)
HPRegen 0.11/turn               (no ring)
MPRegen 0.08/turn               (no ring)

@: no status effects
A: horns 2, retaliatory headbutt
a: Renounce Religion, Depart the Abyss, Bend Space


You were on level 2 of the Dungeon.
You worshipped Lugonu.
Lugonu was pleased with you.
You visited 1 branch of the dungeon, and saw 2 of its levels.
You visited the Abyss 1 time.

You collected 62 gold pieces.

Inventory:

Hand Weapons
 a - a +1 hand axe (weapon)
Armour
 b - a +0 leather armour (worn)
Scrolls
 c - a scroll of magic mapping {unknown}
 d - 2 scrolls of identify {unknown}
 e - a scroll of amnesia {unknown}
 g - a scroll of fog {unknown}


   Skills:
 + Level 4.2 Fighting
 + Level 3.2 Axes
 + Level 3.1 Armour
 + Level 2.0 Dodging
 + Level 2.4 Invocations


You had 2 spell levels left.
You didn't know any spells.
Your spell library was empty.

Dungeon Overview and Level Annotations

Branches:
Dungeon (2/15)

Altars:


Innate Abilities, Weirdness & Mutations

You have a pair of horns on your head.
You reflexively headbutt those who attack you in melee.


Message History

You hit the iguana but do no damage. The iguana bites you!
You are too injured to fight recklessly!
You are too injured to fight recklessly!
You hit the iguana but do no damage.
You headbutt the iguana, but do no damage.
The iguana bites you but does no damage.
You closely miss the iguana. The iguana misses you.
You closely miss the iguana. You headbutt the iguana.
The iguana is lightly wounded.
The iguana bites you. The iguana misses you.
You hit the iguana.
The iguana is moderately wounded.
The iguana closely misses you. You furiously retaliate!
You headbutt the iguana, but do no damage.
You hit the iguana but do no damage.
The iguana is moderately wounded.
The iguana closely misses you.
You hit the iguana but do no damage.
You headbutt the iguana, but do no damage.
The iguana is moderately wounded.
The iguana misses you.
You closely miss the iguana.
The iguana is moderately wounded.
The iguana closely misses you.
You closely miss the iguana. Your headbutt misses the iguana.
The iguana is moderately wounded.
The iguana hisses menacingly.
The iguana bites you!
* * * LOW HITPOINT WARNING * * *
It was a potion of curing.
You feel better. The iguana bites you.
* * * LOW HITPOINT WARNING * * *
You hit the iguana.
The iguana is heavily wounded.
The iguana hisses menacingly.
The iguana bites you.
* * * LOW HITPOINT WARNING * * *
You hit the iguana.
The iguana is almost dead.
The iguana bites you!
You die...

#.......# ##.# ##.####..
#... ###.# ### #...
#...# ### #... ##.###
#.. ####...#######..#
#..
...........##.#.######..
.....[.......###........
......l@...##.#.#.####..
####...#######....##....
#... #.)..##.#.. #...
###.###.### #...
#.......# .... #####.#.#
.#### #...< #. ###.. ###


You could see an iguana.

Vanquished Creatures
  Terence (D:2)
  2 dart slugs (D:1)
  3 bats (D:1)
  4 endoplasms (D:1)
  A giant cockroach (D:1)
  5 goblins
  6 hobgoblins (D:1)
  2 kobolds (D:1)
  3 ball pythons (D:1)
  A frilled lizard (D:1)
  4 rats (D:1)
32 creatures vanquished.

Notes
Turn   | Place    | Note
-------+----------+-------------------------------------------
     0 | Abyss:1  | jmlagarto the Minotaur Abyssal Knight began the quest for
                  | the Orb.
     0 | Abyss:1  | Reached XP level 1. HP: 19/19 MP: 1/1
    68 | Abyss:1  | Noticed a small abomination
    68 | Abyss:1  | Noticed a tentacled starspawn
    69 | D:1      | Escaped the Abyss
   335 | D:1      | Reached XP level 2. HP: 27/27 MP: 2/2
   392 | D:1      | Reached ** piety under Lugonu
   601 | D:1      | Reached skill level 4 in Fighting
   630 | D:1      | Reached XP level 3. HP: 28/33 MP: 3/3
  1252 | D:2      | Noticed Terence
  1268 | D:2      | Killed Terence
  1566 | D:2      | Slain by an iguana

Illustrated notes

Levels and vault maps discovered:
D:1:      matt_arrival_los_fun, layout_basic, chequers_serial_rivers_micro_b
D:2:      layout_loops_cross, basic_altar, uniq_terence

Skill      XL: |  1  2  3 |
---------------+----------+-----
Invocations    | 2 |  2.4
Fighting       | 4 |  4.2
Axes           | 3 |  3.2
Armour         | 3 |  3.1
Dodging        | 2 |  2.0

Action                   || total
-------------------------++-------
Melee: Hand axe          ||    70
       Headbutt          ||    10
Invok: Depart the Abyss  ||     1
       Bend Space        ||     1
  Use: Potion            ||     1
Armor: Leather armour    ||    13
Dodge: Dodged            ||    34

Table legend: (Time is in decaauts)
 A = Elapsed time spent in this place.
 B = Non-inter-level travel time spent in this place.
 C = Inter-level travel time spent in this place.
 D = Time resting spent in this place.
 E = Time spent auto-exploring this place.
 F = Levels seen in this place.
 G = Mean time per level.
                   A        B        C        D        E       F      G
               +--------+--------+--------+--------+--------+-----+--------+
         Total |   1577 |   1563 |     14 |      5 |   1375 |   3 |  525.7 |
       Dungeon |   1508 |   1494 |     14 |      5 |   1308 |   2 |  754.0 |
         Abyss |     69 |     69 |      0 |      0 |     67 |   1 |   69.0 |
               +--------+--------+--------+--------+--------+-----+--------+

Top non-repeatable levels by time:
     D:1: 1145 daAuts
     D:2: 363 daAuts
 Abyss:1: 69 daAuts
